 Dungeon Crawl Stone Soup version 0.22.1-1-ga44c0e5 (webtiles) character file.

34 lysyklops the Grave Robber (level 3, -2/19 HPs)
             Began as a Deep Elf Necromancer on Sept 21, 2018.
             Slain by an orc wizard
             ... wielding a +0 dagger
              (4 damage)
             ... on level 2 of the Dungeon.
             The game lasted 00:03:32 (1537 turns).

lysyklops the Grave Robber (Deep Elf Necromancer)   Turns: 1537, Time: 00:03:32

Health: -2/19      AC:  3    Str:  5    XL:     3   Next: 14%
Magic:  0/10       EV: 13    Int: 20    God:
Gold:   83         SH:  0    Dex: 15    Spells: 8/10 levels left

rFire    . . .     SeeInvis .   (no weapon)
rCold    . . .     Gourm    .   (no shield)
rNeg     . . .     Faith    .   a - +0 robe
rPois    .         Spirit   .   (no helmet)
rElec    .         Reflect  .   (no cloak)
rCorr    .         Harm     .   (no gloves)
MR       .....                  h - +0 pair of boots
Stlth    ++........             (no amulet)
HPRegen  0.06/turn              (no ring)
MPRegen  0.12/turn              (no ring)

@: no status effects
A: no striking features
a: no special abilities


You were on level 2 of the Dungeon.
You were not hungry.

You visited 1 branch of the dungeon, and saw 2 of its levels.

You collected 83 gold pieces.

Inventory:

Armour
 a - a +0 robe (worn)
 h - a +0 pair of boots (worn)
 l - a +1 leather armour of cold resistance
Jewellery
 b - an uncursed ring of positive energy {unknown}
 j - an uncursed amulet of guardian spirit {unknown}
 k - a cursed ring of teleportation {unknown}
Scrolls
 d - a scroll of teleportation {unknown}
 f - a scroll of magic mapping {unknown}
 g - a scroll of fear {unknown}
 m - 2 scrolls of identify {unknown}
 o - a scroll of enchant weapon {unknown}
Potions
 e - 2 potions of lignification {unknown}
 i - 2 potions of ambrosia {unknown}
 n - a potion of haste {unknown}
Comestibles
 c - a ration
 p - 4 chunks of flesh


   Skills:
 - Level 2.4 Dodging
 - Level 2.4 Stealth
 + Level 4.1 Spellcasting
 + Level 5.5 Necromancy


You had 8 spell levels left.
You knew the following spells:

 Your Spells              Type           Power        Failure   Level  Hunger
a - Pain                  Necr           ####         1%          1    None
b - Animate Skeleton      Necr           N/A          1%          1    None

Your spell library contained the following spells:

 Spells                   Type           Power        Failure   Level  Hunger
 Vampiric Draining        Necr           ####......   4%          3    ###....
 Regeneration             Chrm/Necr      ###.......   12%         3    ###....
 Animate Dead             Necr           N/A          13%         4    ####...


Dungeon Overview and Level Annotations

Branches:
Dungeon (2/15)

Altars:


Message History

Aim: an orc wizard, wielding a dagger and wearing a robe (fast, chance to The orc wizard writhes in agony!
Your orc skeleton completely misses the orc wizard.
Casting: Pain (safe; 1% risk of failure)
Confirm with . or Enter, or press ? or * to list all spells.
Aiming: Pain (safe; 1% risk of failure)
Press: ? - help, Shift-Dir - straight line, f/p - orc wizard
Aim: an orc wizard, wielding a dagger and wearing a robe (lightly wounded, The orc wizard writhes in agony!
Your orc skeleton misses the orc wizard.
The orc wizard closely misses you.
Casting: Pain (safe; 1% risk of failure)
Confirm with . or Enter, or press ? or * to list all spells.
Aiming: Pain (safe; 1% risk of failure)
Press: ? - help, Shift-Dir - straight line, f/p - orc wizard
Aim: an orc wizard, wielding a dagger and wearing a robe (moderately wounded, The orc wizard writhes in agony!
The orc wizard closely misses you.
Your orc skeleton hits the orc wizard.
The orc wizard hits you with a dagger.
You die...

#. #..## ####....
..#...##### ...).....#
###...# #@# .#
.....###o##≈## .
#..##..).≈≈# #.
#.......Z..... ..
##'#########..# .#
##...## .. .##
##(....## ..##
##....(..## #
...####.........###....


You could see an orc wizard and a friendly orc skeleton.

Vanquished Creatures
  An adder (D:2)
  A dart slug (D:1)
  4 orcs (D:2)
  A bat (D:2)
  A giant cockroach (D:1)
  3 hobgoblins
  A frilled lizard (D:1)
  2 kobolds
  5 rats
19 creatures vanquished.

Vanquished Creatures (collateral kills)
  A bat (D:1)
  A rat (D:2)
2 creatures vanquished.

Grand Total: 21 creatures vanquished

Notes
Turn   | Place    | Note
-------+----------+-------------------------------------------
     0 | D:1      | lysyklops the Deep Elf Necromancer began the quest for the
                  | Orb.
     0 | D:1      | Reached XP level 1. HP: 10/10 MP: 6/6
     2 | D:1      | Learned a level 1 spell: Animate Skeleton
   324 | D:1      | Reached skill level 5 in Necromancy
   612 | D:1      | Reached XP level 2. HP: 14/15 MP: 4/8
  1498 | D:2      | Reached XP level 3. HP: 16/19 MP: 5/10
  1537 | D:2      | Slain by an orc wizard

Skill      XL: |  1  2 |
---------------+-------+-----
Necromancy     | 5 |  5.5
Spellcasting   | 4 |  4.1
Dodging        | |  2.4
Stealth        | |  2.4

Action                   || total
-------------------------++-------
 Cast: Pain              ||    34
       Animate Skeleton  ||     8
  Eat: Chunk             ||     2
Dodge: Dodged            ||    11
